 Dungeon Crawl Stone Soup version 0.32-a0-422-g28b100f618 (webtiles) character file.

Game seed: 562380022285920002

1138 javelincjr the Sneak (level 8, -26/46 HPs)
             Began as an Octopode Hedge Wizard on Feb 21, 2024.
             Was an Initiate of Beogh.
             Annihilated by an ogre
             ... wielding a +0 giant club
              (30 damage)
             ... on level 5 of the Dungeon.
             The game lasted 00:24:26 (4762 turns).

javelincjr the Sneak (Octopode Hedge Wizard)        Turns: 4762, Time: 00:24:26

Health: -26/46     AC:  1    Str:  9    XL:     8   Next: 37%
Magic:  10/16      EV: 14    Int: 18    God:    Beogh [......]
Gold:   130        SH:  0    Dex: 12    Spells: 12/17 levels left

rFire   + . .        a - +0 spear (venom)
rCold   . . .        (no shield)
rNeg    . . .        w - +0 hat
rPois   .            (no amulet)
rElec   .            j - ring of protection from fire
rCorr   .            (no ring)
SInv    .            (no ring)
Will    .....        (no ring)
Stlth   ++++         (no ring)
HPRegen 0.27/turn    (no ring)
MPRegen 0.15/turn    (no ring)
                     (no ring)

%: no passive effects
@: mighty, on blink cooldown
A: almost no armour, amphibious, 8 rings, camouflage 1, gelatinous body 1,
(nimble swimmer 1), tentacles
a: Renounce Religion


You were on level 5 of the Dungeon.
You worshipped Beogh.
Beogh was noncommittal.
You visited 2 branches of the dungeon, and saw 6 of its levels.

You collected 130 gold pieces.

Inventory:

Hand Weapons
 a - a +0 spear of venom (weapon)
 b - the +4 shortbow "Ziomed" {heavy, rF++ Str+3}
   (You found it on level 4 of the Dungeon)

   Str+3:     It affects your strength (+3).
   rF++:      It greatly protects you from fire.
 d - a +0 dagger
 l - a +0 sling
 n - a +2 dagger of venom
 o - a +0 spear
 t - a +1 antimagic falchion
Missiles
 p - 2 javelins
Armour
 w - a +0 hat (worn)
Jewellery
 j - a ring of protection from fire (left tentacle)
Wands
 v - a wand of flame (7)
Scrolls
 i - 3 scrolls of identify {unknown}
 k - a scroll of immolation {unknown}
 s - a scroll of teleportation {unknown}
 u - a scroll of poison {unknown}
Potions
 c - a potion of magic
 e - 7 potions of curing
 f - a potion of ambrosia {unknown}
 g - a potion of brilliance {unknown}
 h - a potion of lignification {unknown}
 m - a potion of heal wounds {unknown}
 q - a potion of degeneration {unknown}


   Skills:
 + Level 4.1 Dodging
 + Level 5.9 Stealth
 * Level 5.4 Spellcasting
 + Level 3.5 Conjurations
 + Level 3.5 Summonings
 + Level 3.6 Translocations
 + Level 0.4 Invocations


You had 12 spell levels left.
You knew the following spells:

 Your Spells              Type           Power      Damage    Failure   Level
a - Magic Dart            Conj           68%        1d6       3%          1
b - Call Imp              Summ           34%        N/A       4%          2
c - Blink                 Tloc           34%        N/A       4%          2

Your spell library contained the following spells:

 Spells                   Type           Power      Damage    Failure   Level
 Kiss of Death            Conj/Necr      44%        2d8       6%          1
 Slow                     Hex            16%        N/A       13%         1
 Cigotuvi's Dreadful Rot  Necr/Alch/Air  8%         N/A       19%         2
 Mephitic Cloud           Conj/Alch/Air  9%         N/A       24%         3
 Confusing Touch          Hex            4%         N/A       36%         3
 Dispel Undead            Necr           4%         3d7       77%         4


Dungeon Overview and Level Annotations

Branches:
Dungeon (5/15)             Temple (1/1) D:4

Altars:
Ashenzari
Cheibriados
Dithmenos
Fedhas
Gozag
Hepliaklqana
Kikubaaqudgha
Nemelex Xobeh
Qazlal
Ru
Sif Muna
Vehumet
Xom
Yredelemnul
Zin
The Shining One


Innate Abilities, Weirdness & Mutations

You cannot wear most types of armour.
You are amphibious.
You can wear up to eight rings at the same time.
Your skin changes colour to match your surroundings (Stealth+).
Your rubbery body absorbs attacks. (AC +1, EV +1)
((You are camouflaged when in or above water. (Stealth+)))
You have tentacles for arms and can constrict up to eight enemies at once.


Message History

The ogre closely misses your cerulean imp.
You could not reach far enough!
Your cerulean imp hits the ogre but does no damage.
Your cerulean imp hits the ogre with a -3 spear.
You reach to attack!
You barely miss the ogre.
The ogre is moderately wounded.
The ogre closely misses your cerulean imp.
Your cerulean imp hits the ogre but does no damage.
You closely miss the scorpion. You grab the scorpion.
You constrict the scorpion.
The scorpion stings you but does no damage.
The ogre hits your cerulean imp with a +0 giant club!
Your cerulean imp dies!
Your cerulean imp disappears in a puff of smoke!
Your magical contamination has completely faded away.
You hit the scorpion.
The scorpion is poisoned.
The scorpion is moderately wounded.
You constrict the scorpion. The scorpion stings you!
The scorpion barely misses you.
You hit the scorpion.
The scorpion looks as sick as possible!
The scorpion is severely wounded.
You constrict the scorpion.
You kill the scorpion!
Beogh accepts your kill.
The ogre hits you with a +0 giant club!!!
Ouch! That really hurt!
* * * LOW HITPOINT WARNING * * *
Casting: Magic Dart (safe; 3% risk of failure)
Confirm with . or Enter, or press ? or * to list all spells.
You blink.
Casting: Blink (safe; 4% risk of failure)
Confirm with . or Enter, or press ? or * to list all spells.
A tiny devil pulls itself out of the air.
Found 9 stones.
Your cerulean imp hits the ogre but does no damage.
It was a potion of might.
You feel very mighty all of a sudden.
The ogre hits you with a +0 giant club!!
Ouch! That really hurt!
You die...

...#...........
...#...........
...'...........
...#.†.........
...####'######. ..
....###...# ....
##...####.## .....
.##..####..########....(
. #.....##..##..@......#
.###.##.###..#..O......#
.#....#.####.#..5.......
.#.#.................^..
#...#.#.....#...........
#...#.......#..#######..
<)[.####....##.. .
##[.####.........
....))..........?.


You could see an ogre (ally target) and a friendly cerulean imp (summoned).

Vanquished Creatures
  Grinder (D:4)
  2 centaurs (D:5)
  2 ogres
  4 scorpions
  A jelly (D:4)
  An orc priest (D:5)
  A bombardier beetle (D:3)
  Robin (D:3)
  A gnoll (D:3)
  3 adders
  2 ufetubi (D:5)
  3 dart slugs
  10 orcs
  4 endoplasms
  A giant cockroach (D:3)
  9 goblins
  9 hobgoblins
  11 jackals
  4 quokkas
  7 ball pythons
  3 bats
  A kobold (D:4)
  5 rats (D:1)
86 creatures vanquished.

Vanquished Creatures (collateral kills)
  An orc wizard (D:4)
  An adder (D:4)
  2 gnolls (D:3)
  An orc (D:3)
  3 endoplasms
  A giant cockroach (D:2)
  A hobgoblin (D:4)
  2 jackals
  A ball python (D:3)
  A kobold (D:2)
  2 rats
  2 butterflies (D:4)
18 creatures vanquished.

Vanquished Creatures (others)
  An orc priest (D:5)
1 creature vanquished.

Grand Total: 105 creatures vanquished

Notes
Turn   | Place    | Note
-------+----------+-------------------------------------------
     0 | D:1      | javelincjr the Octopode Hedge Wizard began the quest for
                  | the Orb.
     0 | D:1      | Reached XP level 1. HP: 11/11 MP: 4/4
   225 | D:1      | Reached XP level 2. HP: 17/17 MP: 0/6
   755 | D:1      | Reached XP level 3. HP: 21/21 MP: 4/7
   963 | D:1      | Learned a level 2 spell: Call Imp
  1351 | D:2      | Learned a level 2 spell: Blink
  1756 | D:2      | Reached XP level 4. HP: 27/27 MP: 2/9
  2463 | D:3      | Reached XP level 5. HP: 12/31 MP: 0/10
  2773 | D:3      | Noticed Robin
  2785 | D:3      | Killed Robin
  3347 | D:4      | Reached XP level 6. HP: 36/36 MP: 7/12
  3406 | D:4      | Found a staircase to the Ecumenical Temple.
  3664 | D:4      | Reached XP level 7. HP: 33/41 MP: 10/13
  4143 | D:4      | Noticed Grinder
  4160 | D:4      | Paralysed by Grinder for 5 turns
  4163 | D:4      | Killed Grinder
  4164 | D:4      | Reached skill level 5 in Stealth
  4324 | Temple   | Entered the Ecumenical Temple
  4338 | D:4      | Identified the +4 shortbow "Ziomed" {heavy, rF++ Str+3}
  4356 | D:4      | Reached skill level 5 in Spellcasting
  4366 | D:4      | Found an opulent altar of Gozag.
  4431 | D:5      | Entered Level 5 of the Dungeon
  4449 | D:5      | Became a worshipper of Beogh the Shepherd
  4458 | D:5      | Reached XP level 8. HP: 9/46 MP: 8/15
  4762 | D:5      | Annihilated by an ogre

Illustrated notes

Levels and vault maps discovered:
D:1:      psy_arrival_radial02, layout_basic, serial_forest,
          infiniplex_forest_straight_2, infiniplex_forest_clump_diagonal,
          infiniplex_forest_end_3, infiniplex_forest_end_2
D:2:      layout_loops_cross, kennysheep_path_1
D:3:      layout_loops_ring, lemuel_flame_loot_1, uniq_robin
D:4:      layout_gridville, mainiacjoe_overflow_alcove_4,
          minmay_temple_entry_butterflies, uniq_grinder
D:5:      layout_basic
Temple:   regret_index_temple_generic_petals

Skill      XL: |  1  2  3  4  5  6  7  8 |
---------------+-------------------------+-----
Stealth        | 3 4 5 |  5.9
Translocations | 2 3 |  3.6
Summonings     | 2 3 |  3.5
Conjurations   | 2 3 |  3.5
Dodging        | 3 4 |  4.1
Spellcasting   | 4 5 |  5.4
Invocations    | |  0.4

Action                     |  1- 3 |  4- 6 |  7- 9 || total
---------------------------+-------+-------+-------++-------
  Melee: Dagger            |     7 |       |       ||     7
         Constrict         |     8 |    17 |    11 ||    36
         Tentacles         |     7 |    17 |    15 ||    39
         Spear             |    18 |    87 |    66 ||   171
   Fire: Shortbow          |       |       |     5 ||     5
   Cast: Magic Dart        |    60 |    11 |    12 ||    83
         Call Imp          |     4 |    24 |    16 ||    44
         Blink             |       |     2 |     1 ||     3
 Invoke: Convert to Beogh  |       |       |     1 ||     1
  Evoke: Wand              |       |       |     1 ||     1
    Use: Potion            |       |     1 |     1 ||     2
   Stab: Sleeping          |       |     6 |     1 ||     7
         Distracted        |       |     1 |     1 ||     2
 Armour: Skin              |     7 |    25 |    30 ||    62
  Dodge: Dodged            |    10 |    37 |    30 ||    77

Table legend: (Time is in decaauts)
 A = Elapsed time spent in this place.
 B = Non-inter-level travel time spent in this place.
 C = Inter-level travel time spent in this place.
 D = Time resting spent in this place.
 E = Time spent auto-exploring this place.
 F = Levels seen in this place.
 G = Mean time per level.
                   A        B        C        D        E       F      G
               +--------+--------+--------+--------+--------+-----+--------+
         Total |   4781 |   4658 |    123 |    309 |   3559 |   6 |  796.8 |
       Dungeon |   4779 |   4656 |    123 |    309 |   3559 |   5 |  955.8 |
        Temple |      1 |      1 |      0 |      0 |      0 |   1 |    1.0 |
               +--------+--------+--------+--------+--------+-----+--------+

Top non-repeatable levels by time:
     D:1: 1346 daAuts
     D:4: 1225 daAuts
     D:2: 1023 daAuts
     D:3: 975 daAuts
     D:5: 209 daAuts
  Temple: 1 daAuts
